TOP OF THE 1ST |
Iowa Cubs batting - Pitching for Louisville Bats : RHP Matt Moffat
|
Pitching: RHP Matt Moffat
|
|
Batting: SHB Seung-ho Zhang
|
0-0: Ball 1-0: Swinging Strike 1-1: Ball 2-1: Swinging Strike 2-2: Ground out U3 (Groundball, 34S, EV 87.5 MPH)
|
Batting: RHB Jon Aguilar
|
0-0: Foul Ball, location: 2F 0-1: Ball 1-1: Ball 2-1: SINGLE (Line Drive, 8RS, EV 93.8 MPH)
|
Batting: LHB Mark Ingram
|
0-0: Called Strike 0-1: Ball 1-1: Fly out, F7 (Flyball, 7, EV 83.1 MPH)
|
Batting: RHB Ricardo Aguinaga
|
0-0: Called Strike 0-1: SINGLE (Flyball, 7, EV 93.8 MPH) Jon Aguilar to second
|
Batting: RHB Adam O'Hare
|
0-0: Called Strike 0-1: Foul Ball, location: 2F 0-2: Foul Ball, location: 2F 0-2: Strikes out swinging
|
Top of the 1st over - 0 runs, 2 hits, 0 errors, 2 left on base; Iowa 0 - Louisville 0 |
BOTTOM OF THE 1ST |
Louisville Bats batting - Pitching for Iowa Cubs : RHP Nicolai Volnov
|
Pitching: RHP Nicolai Volnov
|
|
Batting: SHB Paul Sandoval
|
0-0: Foul Ball, location: 2F 0-1: Ball 1-1: Bunt missed! 1-2: Ball 2-2: Foul Ball, location: 2F 2-2: SINGLE (Flyball, 8LS, EV 85.6 MPH)
|
Batting: SHB Freddie Farrar
|
0-0: Ball 1-0: Ball 2-0: SINGLE (Groundball, 4MD, EV 98.8 MPH) Paul Sandoval to second Runner from 2nd tries for 3rd, SAFE, throw by CF made to third
|
Batting: RHB Bruno André
|
0-0: Ball 1-0: Ball 2-0: Ball 3-0: Grounds into double play, 6-4-3 (Groundball, 56, EV 100.6 MPH) Paul Sandoval scores
|
Batting: RHB Juan Reyes
|
0-0: Ball 1-0: Ball 2-0: Ball 3-0: Base on Balls
|
Batting: RHB Jonathan Robies
|
0-0: Ball 1-0: Foul Ball, location: 2F 1-1: Foul Ball, location: 2F 1-2: Foul Ball, location: 2F 1-2: Foul Ball, location: 2F 1-2: Ball 2-2: Strikes out swinging
|
Bottom of the 1st over - 1 run, 2 hits, 0 errors, 1 left on base; Iowa 0 - Louisville 1 |
TOP OF THE 2ND |
Iowa Cubs batting - Pitching for Louisville Bats : RHP Matt Moffat
|
Batting: SHB Gabriel Cruz
|
0-0: Foul Ball, location: 2F 0-1: Ball 1-1: Ball 2-1: Foul Ball, location: 2F 2-2: Strikes out swinging
|
Batting: RHB Brian Gargis
|
0-0: Called Strike 0-1: Ball 1-1: Ball 2-1: Ball 3-1: Base on Balls
|
Batting: RHB Pat Barton
|
0-0: Swinging Strike 0-1: Called Strike Brian Gargis steals 2nd base 0-2: Ball 1-2: Ball 2-2: Ground out 5-3 (Groundball, 5, EV 101.9 MPH)
|
Batting: RHB Rich Thurman
|
0-0: Foul Ball, location: 2F 0-1: Ball 1-1: Foul Ball, location: 2F 1-2: Ball 2-2: Ball 3-2: Foul Ball, location: 2F 3-2: DOUBLE (Line Drive, 9LS, EV 95.0 MPH) Brian Gargis scores
|
Batting: SHB Seung-ho Zhang
|
0-0: Ball 1-0: Fly out, F7 (Flyball, 7LD, EV 101.2 MPH)
|
Top of the 2nd over - 1 run, 1 hit, 0 errors, 1 left on base; Iowa 1 - Louisville 1 |
BOTTOM OF THE 2ND |
Louisville Bats batting - Pitching for Iowa Cubs : RHP Nicolai Volnov
|
Batting: LHB Satoru Handa
|
0-0: Called Strike 0-1: Ground out U3 (Groundball, 3L, EV 103.1 MPH)
|
Batting: RHB Pedro Pinero
|
0-0: Swinging Strike 0-1: Foul Ball, location: 2F 0-2: SINGLE (Line Drive, 8LS, EV 90.0 MPH)
|
Batting: RHB Colin Lord
|
0-0: Foul Ball, location: 2F 0-1: Fly out, F7 (Flyball, 7, EV 91.2 MPH)
|
Batting: RHB Jay Jacobson
|
0-0: Ball 1-0: Foul Ball, location: 2F 1-1: Foul Ball, location: 2F 1-2: Ball 2-2: Strikes out looking
|
Bottom of the 2nd over - 0 runs, 1 hit, 0 errors, 1 left on base; Iowa 1 - Louisville 1 |
TOP OF THE 3RD |
Iowa Cubs batting - Pitching for Louisville Bats : RHP Matt Moffat
|
Batting: RHB Jon Aguilar
|
0-0: Bunt - Flyout to 23! F3
|
Batting: LHB Mark Ingram
|
0-0: Ball 1-0: Fly out, F8 (Flyball, 8RD, EV 97.5 MPH)
|
Batting: RHB Ricardo Aguinaga
|
0-0: Ball 1-0: Ball 2-0: Called Strike 2-1: Called Strike 2-2: Fly out, F9 (Line Drive, 9, EV 104.4 MPH)
|
Top of the 3rd over - 0 runs, 0 hits, 0 errors, 0 left on base; Iowa 1 - Louisville 1 |
BOTTOM OF THE 3RD |
Louisville Bats batting - Pitching for Iowa Cubs : RHP Nicolai Volnov
|
Batting: SHB Paul Sandoval
|
0-0: Ball 1-0: Foul Ball, location: 2F 1-1: Called Strike 1-2: Ball 2-2: Foul Ball, location: 2F 2-2: Foul Ball, location: 2F 2-2: Ground out U3 (Groundball, 34, EV 88.8 MPH)
|
Batting: SHB Freddie Farrar
|
0-0: Ball 1-0: Foul Ball, location: 2F 1-1: Called Strike 1-2: Foul Ball, location: 2F 1-2: Ball 2-2: Foul Ball, location: 2F 2-2: Ground out 4-3 (Groundball, 34D, EV 104.4 MPH)
|
Batting: RHB Bruno André
|
0-0: Ball 1-0: Called Strike 1-1: Ball 2-1: Foul Ball, location: 2F 2-2: Strikes out looking
|
Bottom of the 3rd over - 0 runs, 0 hits, 0 errors, 0 left on base; Iowa 1 - Louisville 1 |
TOP OF THE 4TH |
Iowa Cubs batting - Pitching for Louisville Bats : RHP Matt Moffat
|
Batting: RHB Adam O'Hare
|
0-0: Swinging Strike 0-1: Called Strike 0-2: Ball 1-2: Ball 2-2: Foul Ball, location: 2F 2-2: Foul Ball, location: 2F 2-2: Hit by Pitch
|
Batting: SHB Gabriel Cruz
|
0-0: Ball 1-0: Ball 2-0: Called Strike 2-1: Reached on error, E6 (Groundball, 6M, EV 87.5 MPH) Adam O'Hare to second
|
Batting: RHB Brian Gargis
|
0-0: Ball 1-0: Swinging Strike 1-1: Foul Ball, location: 2F 1-2: Fly out, F8 (Line Drive, 8RM, EV 90.6 MPH)
|
Batting: RHB Pat Barton
|
0-0: Called Strike 0-1: Foul Ball, location: 2F 0-2: Ball 1-2: Strikes out looking
|
Batting: RHB Rich Thurman
|
0-0: Ball 1-0: Swinging Strike 1-1: Foul Ball, location: 2F 1-2: Foul Ball, location: 2F 1-2: Foul Ball, location: 2F 1-2: Fly out, F8 (Flyball, 8LD, EV 95.0 MPH)
|
Top of the 4th over - 0 runs, 0 hits, 1 error, 2 left on base; Iowa 1 - Louisville 1 |
BOTTOM OF THE 4TH |
Louisville Bats batting - Pitching for Iowa Cubs : RHP Nicolai Volnov
|
Batting: RHB Juan Reyes
|
0-0: Called Strike 0-1: Ball 1-1: Ball 2-1: Ball 3-1: Swinging Strike 3-2: Foul Ball, location: 2F 3-2: Base on Balls
|
Batting: RHB Jonathan Robies
|
0-0: Called Strike 0-1: Ball 1-1: Called Strike 1-2: Foul Ball, location: 2F 1-2: SINGLE (Line Drive, 6D, EV 95.6 MPH) Juan Reyes to second
|
Batting: LHB Satoru Handa
|
0-0: Ball 1-0: Fly out, F6 (Popup, 6, EV 53.8 MPH)
|
Batting: RHB Pedro Pinero
|
0-0: Ball 1-0: Swinging Strike 1-1: Fielders Choice at 2nd, 3-6 (Groundball, 34, EV 92.5 MPH) Juan Reyes to third
|
Batting: RHB Colin Lord
|
0-0: Ball 1-0: Ball 2-0: Ball 3-0: Called Strike 3-1: Base on Balls Pedro Pinero to second
|
Batting: RHB Jay Jacobson
|
0-0: Called Strike 0-1: Ball 1-1: Swinging Strike 1-2: Strikes out swinging
|
Bottom of the 4th over - 0 runs, 1 hit, 0 errors, 3 left on base; Iowa 1 - Louisville 1 |
TOP OF THE 5TH |
Iowa Cubs batting - Pitching for Louisville Bats : RHP Matt Moffat
|
Batting: SHB Seung-ho Zhang
|
0-0: Swinging Strike 0-1: Foul Ball, location: 2F 0-2: Foul Ball, location: 2F 0-2: Strikes out swinging, 2-3 out at first.
|
Batting: RHB Jon Aguilar
|
0-0: DOUBLE (Line Drive, 9LS, EV 101.2 MPH)
|
Batting: LHB Mark Ingram
|
0-0: Ball Jon Aguilar steals 3rd base 1-0: Ground out 6-3 (Groundball, 6S, EV 86.2 MPH)
|
Batting: RHB Ricardo Aguinaga
|
0-0: Ball 1-0: Fly out, F9 (Flyball, 9LD, EV 88.1 MPH)
|
Top of the 5th over - 0 runs, 1 hit, 0 errors, 1 left on base; Iowa 1 - Louisville 1 |
BOTTOM OF THE 5TH |
Louisville Bats batting - Pitching for Iowa Cubs : RHP Nicolai Volnov
|
Batting: SHB Paul Sandoval
|
0-0: Foul Ball, location: 2F 0-1: Called Strike 0-2: Foul Ball, location: 2F 0-2: Ground out 5-3 (Groundball, P, EV 91.2 MPH)
|
Batting: SHB Freddie Farrar
|
0-0: Swinging Strike 0-1: Ball 1-1: Foul Ball, location: 2F 1-2: Ball 2-2: Ground out 6-3 (Groundball, 4MS, EV 66.2 MPH)
|
Pitching: RHP Jose Ramirez
|
|
Batting: RHB Bruno André
|
0-0: Foul Ball, location: 2F 0-1: Swinging Strike 0-2: Ball 1-2: Strikes out looking
|
Bottom of the 5th over - 0 runs, 0 hits, 0 errors, 0 left on base; Iowa 1 - Louisville 1 |
TOP OF THE 6TH |
Iowa Cubs batting - Pitching for Louisville Bats : RHP Matt Moffat
|
Batting: RHB Adam O'Hare
|
0-0: Ball 1-0: Called Strike 1-1: Foul Ball, location: 2F 1-2: Hit by Pitch
|
Batting: SHB Gabriel Cruz
|
0-0: Called Strike 0-1: Ball 1-1: Ball 2-1: Ball 3-1: Called Strike 3-2: SINGLE (Flyball, 6MD, EV 93.1 MPH) Adam O'Hare to second
|
Batting: RHB Brian Gargis
|
0-0: Foul Ball, location: 2F 0-1: Foul Ball, location: 2F 0-2: Foul Ball, location: 2F 0-2: Fly out, F8 (Flyball, 8LD, EV 93.1 MPH)
|
Pitching: RHP Joaquin Villalobos
|
|
Batting: RHB Pat Barton
|
0-0: Called Strike 0-1: Ball 1-1: Swinging Strike 1-2: Ball 2-2: Strikes out swinging
|
Batting: RHB Rich Thurman
|
0-0: Fly out, F8 (Flyball, 8RD, EV 82.5 MPH)
|
Top of the 6th over - 0 runs, 1 hit, 0 errors, 2 left on base; Iowa 1 - Louisville 1 |
BOTTOM OF THE 6TH |
Louisville Bats batting - Pitching for Iowa Cubs : RHP Jose Ramirez
|
Batting: RHB Juan Reyes
|
0-0: Hit by Pitch
|
Batting: RHB Jonathan Robies
|
0-0: Foul Ball, location: 2F 0-1: Called Strike 0-2: Strikes out swinging
|
Batting: LHB Satoru Handa
|
0-0: Called Strike 0-1: Ball 1-1: Called Strike 1-2: Fielders Choice at 2nd, 1-6 (Groundball, 13S, EV 68.8 MPH)
|
Batting: RHB Pedro Pinero
|
0-0: Ball 1-0: Ball 2-0: SINGLE (Groundball, 34D, EV 95.6 MPH) Satoru Handa to second Runner from 2nd tries for 3rd, SAFE, throw by RF made to third Pedro Pinero to second
|
Batting: RHB Colin Lord
|
0-0: Called Strike 0-1: Called Strike 0-2: Ball 1-2: Ball 2-2: Ball 3-2: Base on Balls
|
Batting: RHB Jay Jacobson
|
0-0: Ball 1-0: Fly out, F7 (Flyball, 78S, EV 97.5 MPH)
|
Bottom of the 6th over - 0 runs, 1 hit, 0 errors, 3 left on base; Iowa 1 - Louisville 1 |
TOP OF THE 7TH |
Iowa Cubs batting - Pitching for Louisville Bats : RHP Joaquin Villalobos
|
Batting: SHB Seung-ho Zhang
|
0-0: Called Strike 0-1: Ball 1-1: Foul Ball, location: 2F 1-2: Ground out 1-3 (Groundball, 13, EV 67.5 MPH)
|
Batting: RHB Jon Aguilar
|
0-0: Swinging Strike 0-1: Ball 1-1: Called Strike 1-2: Ground out 5-3 (Groundball, 56, EV 98.1 MPH)
|
Batting: LHB Mark Ingram
|
0-0: Swinging Strike 0-1: Foul Ball, location: 2F 0-2: Ground out 4-3 (Groundball, 4, EV 86.2 MPH)
|
Top of the 7th over - 0 runs, 0 hits, 0 errors, 0 left on base; Iowa 1 - Louisville 1 |
BOTTOM OF THE 7TH |
Louisville Bats batting - Pitching for Iowa Cubs : RHP Jose Ramirez
|
Pitching: RHP Harry Poindexter
|
|
Batting: SHB Paul Sandoval
|
0-0: Ground out 4-3 (Groundball, 4M, EV 98.1 MPH)
|
Batting: SHB Freddie Farrar
|
0-0: Ball 1-0: Ball 2-0: Foul Ball, location: 2F 2-1: DOUBLE (Line Drive, 78D, EV 111.2 MPH)
|
Batting: RHB Bruno André
|
0-0: Ball 1-0: Foul Ball, location: 2F 1-1: Fly out, F4 (Popup, 4S, EV 69.4 MPH)
|
Batting: RHB Juan Reyes
|
0-0: SINGLE (Line Drive, 4D, EV 96.2 MPH) Freddie Farrar to third Runner from 3rd tries for Home, SAFE, throw by RF to home
|
Batting: RHB Jonathan Robies
|
0-0: Ball 1-0: Ball Wild Pitch! Juan Reyes to second 2-0: Called Strike 2-1: Called Strike 2-2: Ground out U3 (Groundball, 3, EV 87.5 MPH)
|
Bottom of the 7th over - 1 run, 2 hits, 0 errors, 1 left on base; Iowa 1 - Louisville 2 |
TOP OF THE 8TH |
Iowa Cubs batting - Pitching for Louisville Bats : RHP Joaquin Villalobos
|
Pitching: RHP Dave Kurtz
|
|
Batting: RHB Ricardo Aguinaga
|
0-0: Swinging Strike 0-1: Ball 1-1: Called Strike 1-2: Strikes out looking
|
Batting: RHB Adam O'Hare
|
0-0: Ground out 4-3 (Groundball, 4, EV 80.6 MPH)
|
Batting: SHB Gabriel Cruz
|
0-0: Ball 1-0: Ground out 6-3 (Groundball, 6, EV 80.6 MPH)
|
Top of the 8th over - 0 runs, 0 hits, 0 errors, 0 left on base; Iowa 1 - Louisville 2 |
BOTTOM OF THE 8TH |
Louisville Bats batting - Pitching for Iowa Cubs : RHP Harry Poindexter
|
Pitching: LHP Jose Urena
|
|
Batting: LHB Satoru Handa
|
0-0: Ball 1-0: Foul Ball, location: 2F 1-1: Ground out 4-3 (Groundball, 34D, EV 106.2 MPH)
|
Batting: RHB Pedro Pinero
|
0-0: Ball 1-0: Ground out 6-3 (Groundball, 6, EV 90.0 MPH)
|
Batting: RHB Colin Lord
|
0-0: Called Strike 0-1: Ball 1-1: Ball 2-1: Swinging Strike 2-2: Foul Ball, location: 2F 2-2: Ground out 5-3 (Groundball, 5, EV 105.0 MPH)
|
Bottom of the 8th over - 0 runs, 0 hits, 0 errors, 0 left on base; Iowa 1 - Louisville 2 |
TOP OF THE 9TH |
Iowa Cubs batting - Pitching for Louisville Bats : RHP Dave Kurtz
|
Pitching: RHP Robbie Delgado
|
|
Batting: RHB Brian Gargis
|
0-0: Ball 1-0: Foul Ball, location: 2F 1-1: Ball 2-1: Foul Ball, location: 2F 2-2: Foul Ball, location: 2F 2-2: Strikes out looking
|
Pinch Hitting: RHB Josh Kalman
|
0-0: Ball 1-0: Foul Ball, location: 2F 1-1: SINGLE (Groundball, 56D, EV 106.9 MPH)
|
Pinch Hitting: LHB Sumiki Okuhara
|
0-0: Foul Ball, location: 2F 0-1: Ball 1-1: Grounds into double play, 4-6-3 (Groundball, 34, EV 77.5 MPH)
|
Top of the 9th over - 0 runs, 1 hit, 0 errors, 0 left on base; Iowa 1 - Louisville 2 |
|